 Dungeon Crawl Stone Soup version 0.22-a0-458-gb446440 (webtiles) character file.

6918 Ijustatesigmund the Cleaver (level 10, -8/95 HPs)
             Began as a Minotaur Berserker on June 8, 2018.
             Was a High Priest of Trog.
             Mangled by an orc warrior
             ... wielding a +0 glaive
              (26 damage)
             ... in a bailey.
             The game lasted 00:19:29 (7670 turns).

Ijustatesigmund the Cleaver (Minotaur Berserker)    Turns: 7670, Time: 00:19:31

Health: -8/95      AC: 15    Str: 21    XL:     10   Next: 80%
Magic:  9/9        EV: 12    Int:  8    God:    Trog [*****.]
Gold:   566        SH:  0    Dex: 14    Spells: 9/9 levels left

rFire    + . .     SeeInvis .   a - +8 executioner's axe of the Crushed Emperors {venom, rPois rF+ Int+6}
rCold    + + .     Gourm    .   (shield currently unavailable)
rNeg     . . .     Faith    .   d - +1 chain mail {rC+}
rPois    +         Spirit   .   (helmet restricted)
rElec    .         Reflect  .   (no cloak)
rCorr    .         Harm     .   b - +1 pair of gloves
MR       .....                  e - +0 pair of boots
Stlth    ..........             (no amulet)
HPRegen  0.25/turn              A - ring of protection from cold
MPRegen  0.11/turn              j - -2 ring of intelligence (curse)

@: about to teleport
A: retaliatory headbutt, horns 2
a: Berserk, Trog's Hand, Brothers in Arms, Renounce Religion


You were in a bailey.
You worshipped Trog.
Trog was extremely pleased with you.
You were hungry.

You visited 1 branch of the dungeon, and saw 9 of its levels.
You also visited: Bailey.

You collected 594 gold pieces.
You spent 28 gold pieces at shops.

Inventory:

Hand Weapons
 a - the +8 executioner's axe of the Crushed Emperors (weapon) {venom, rPois rF+ Int+6}
   (You acquired it on level 8 of the Dungeon)

   It poisons the flesh of those it strikes.
   It affects your intelligence (+6).
   It protects you from fire.
   It protects you from poison.
Armour
 b - a +1 pair of gloves (worn)
 d - a +1 chain mail of cold resistance (worn)
 e - a +0 pair of boots (worn)
Jewellery
 f - an uncursed ring of stealth
 j - a cursed -2 ring of intelligence (right hand)
 A - a ring of protection from cold (left hand)
Wands
 l - a wand of polymorph (14)
 q - a wand of digging (16)
 w - a wand of clouds (6)
 y - a wand of enslavement (3)
 B - a wand of acid (7)
 F - a wand of scattershot (2)
Scrolls
 i - a scroll of immolation
 s - 2 scrolls of teleportation
 t - a scroll of enchant weapon
 v - a scroll of enchant armour
 x - 2 scrolls of fog
 D - a scroll of acquirement
Potions
 g - a potion of brilliance
 h - a potion of lignification
 k - 2 potions of might
 m - a potion of cancellation
 n - 7 potions of curing
 o - 2 potions of berserk rage
 p - 10 potions of heal wounds
 r - a potion of haste
 u - a potion of mutation {unknown}
 z - 2 potions of resistance {unknown}
 C - a potion of flight {unknown}
 E - a potion of degeneration {unknown}
Comestibles
 c - 8 rations


   Skills:
 + Level 11.1 Fighting
 + Level 13.0 Axes
 + Level 7.8 Armour
 + Level 7.2 Dodging


You had 9 spell levels left.
You didn't know any spells.
Your spell library was empty.

Dungeon Overview and Level Annotations

Branches:
Dungeon (9/15)             Temple (0/1) D:5
   Lair: D:8-11         Orc: D:9-12

Altars:
Dithmenos
Elyvilon
Fedhas
Hepliaklqana
Okawaru
Qazlal
Ru
Wu Jian
Yredelemnul
Zin

Shops:
D:3 *   D:6 *   D:7 *

Annotations:
D:3 exclusion: oklob plant


Innate Abilities, Weirdness & Mutations

You reflexively headbutt those who attack you in melee.
You have a pair of horns on your head.


Message History

The orc hits you from afar with a trident.
An orc warrior comes into view. It is wielding a spear.
The orc knight roars a battlecry!
The orcs go into a battle-frenzy!
The orc warrior hits you from afar with an enchanted trident.
The orc warrior reads a scroll.
Wisps of shadow swirl around the orc warrior.
The orc warrior hits you from afar with a glaive!!
The orc knight hits you from afar with a trident!!
* * * LOW HITPOINT WARNING * * *
The orc wizard casts a spell.
The orc wizard blinks!
There is a huge open gate, spattered with blood here.
As you read the scroll of teleportation, it crumbles to dust.
You feel strangely unstable.
The orc warrior hits you from afar with an enchanted trident.
* * * LOW HITPOINT WARNING * * *
The orc knight completely misses you. The gnoll barely misses you.
The orc warrior hits you from afar with a glaive!!
You die...

## ####### #######
.#########.....###.......
..#.....#.......'....oo..
).'.....'.......'.oooooo.
).'.....'.......@goooogg.
).'.....'.......ooooooo..
..#.....#.......gg.gg.o..
.#########.....###og.ogg.
## ####### #######


You could see 3 orc knights, 7 orc warriors, an orc priest, 2 orc wizards, 10
gnolls and 9 orcs.

Vanquished Creatures
  3 two-headed ogres (D:8)
  The ghost of Nib the Ruffian, a novice DrTm (D:5)
  Psyche (D:8)
  Prince Ribbit (D:5)
  Sigmund (D:5)
  A wyvern (D:9)
  4 hogs (D:8)
  The ghost of Nib the Ruffian, an amateur DrTm (D:4)
  A human (D:8)
  Menkaure (D:4)
  5 orc warriors
  2 ice beasts (D:8)
  3 ogres
  A phantom (D:8)
  A sky beast (D:6)
  3 centaurs
  A big kobold (D:7)
  3 bullfrogs
  A water moccasin skeleton (D:5)
  3 killer bees (D:8)
  4 howler monkeys
  A crimson imp (D:5)
  A bullfrog zombie (D:7)
  3 orc wizards
  2 orc priests (D:4)
  A centaur skeleton (D:9)
  4 hounds
  2 iguanas
  Terence (D:3)
  6 worker ants
  4 gnolls
  7 adders
  3 shadow imps
  2 oozes
  3 adder skeletons
  An adder zombie (D:7)
  2 worms
  3 dart slugs
  8 leopard geckos
  51 orcs
  2 bats (D:1)
  2 giant cockroaches
  7 goblins
  3 hobgoblins
  4 jackals (D:7)
  3 quokkas
  A ball python (D:5)
  4 frilled lizards
  14 kobolds
  A leopard gecko skeleton (D:8)
  A leopard gecko zombie (D:8)
  10 rats
199 creatures vanquished.

Vanquished Creatures (collateral kills)
  2 orcs (Bailey)
2 creatures vanquished.

Vanquished Creatures (others)
  An orc warrior (Bailey)
  3 orcs (Bailey)
4 creatures vanquished.

Grand Total: 205 creatures vanquished

Notes
Turn   | Place    | Note
-------+----------+-------------------------------------------
     0 | D:1      | Ijustatesigmund the Minotaur Berserker began the quest for the Orb.
     0 | D:1      | Reached XP level 1. HP: 19/19 MP: 0/0
   108 | D:1      | Reached skill level 4 in Axes
   108 | D:1      | Reached XP level 2. HP: 23/27 MP: 1/1
   438 | D:2      | Reached XP level 3. HP: 31/33 MP: 2/2
   963 | D:2      | Noticed a big kobold
  1014 | D:2      | Reached ** piety under Trog
  1449 | D:2      | Reached skill level 5 in Axes
  1507 | D:3      | Noticed Terence
  1514 | D:3      | Killed Terence
  1514 | D:3      | Reached XP level 4. HP: 41/41 MP: 3/3
  1589 | D:3      | Found a stormy altar of Qazlal.
  1779 | D:3      | Found Zin's Purification Station.
  1782 | D:3      | Found a glowing silver altar of Zin.
  1934 | D:3      | Found a blossoming altar of Fedhas.
  1951 | D:3      | Noticed an oklob plant
  2022 | D:4      | Noticed Menkaure
  2081 | D:4      | Killed Menkaure
  2081 | D:4      | Reached skill level 5 in Fighting
  2081 | D:4      | Reached skill level 6 in Axes
  2081 | D:4      | Reached XP level 5. HP: 48/48 MP: 4/4
  2305 | D:4      | Reached skill level 7 in Axes
  2305 | D:4      | Reached XP level 6. HP: 42/56 MP: 5/5
  2413 | D:4      | Noticed Nib's ghost (amateur DrTm)
  2434 | D:4      | Killed Nib's ghost
  2434 | D:4      | Reached skill level 8 in Axes
  3026 | D:4      | Reached XP level 7. HP: 59/63 MP: 6/6
  3045 | D:4      | Reached *** piety under Trog
  3579 | D:5      | Entered Level 5 of the Dungeon
  3598 | D:5      | Noticed Nib's ghost (novice DrTm)
  3600 | D:5      | Found a staircase to the Ecumenical Temple.
  3617 | D:5      | Killed Nib's ghost
  3617 | D:5      | Reached skill level 10 in Axes
  3617 | D:5      | Reached XP level 8. HP: 74/74 MP: 7/7
  4204 | D:5      | Noticed Prince Ribbit
  4204 | D:5      | Noticed Sigmund
  4218 | D:5      | Killed Prince Ribbit
  4224 | D:5      | Killed Sigmund
  4224 | D:5      | Reached skill level 11 in Axes
  4439 | D:5      | Found an iron altar of Okawaru.
  4588 | D:5      | Found a hazy altar of Hepliaklqana.
  4588 | D:5      | Found a basalt altar of Yredelemnul.
  4590 | D:5      | Found a shadowy altar of Dithmenos.
  4590 | D:5      | Found an ornate altar of the Wu Jian Council.
  4592 | D:5      | Found a white marble altar of Elyvilon.
  4592 | D:5      | Found a sacrificial altar of Ru.
  5124 | D:6      | Found Ehiho's Assorted Antiques.
  5173 | D:6      | Found a white marble altar of Elyvilon.
  5319 | D:6      | Reached XP level 9. HP: 73/82 MP: 8/8
  5585 | D:7      | Found a white marble altar of Elyvilon.
  5766 | D:7      | Reached **** piety under Trog
  6254 | D:7      | Found Heuvovauhoh's General Store.
  6264 | D:7      | Bought a scroll of identify for 28 gold pieces
  6698 | D:8      | Reached skill level 5 in Armour
  6710 | D:8      | Reached skill level 12 in Axes
  6710 | D:8      | Reached skill level 5 in Dodging
  6801 | D:8      | Identified a scroll of acquirement
  6805 | D:8      | Got a transparent executioner's axe
  6806 | D:8      | Identified the +8 executioner's axe of the Crushed Emperors {venom, rPois rF+ Int+6} (You acquired it on level 8 of the Dungeon)
  6906 | D:8      | Noticed a two-headed ogre
  6906 | D:8      | Noticed a two-headed ogre
  6915 | D:8      | Killed a two-headed ogre
  6915 | D:8      | Reached skill level 10 in Fighting
  6915 | D:8      | Reached XP level 10. HP: 93/93 MP: 9/9
  6922 | D:8      | Killed a two-headed ogre
  7020 | D:8      | Noticed a two-headed ogre
  7026 | D:8      | Killed a two-headed ogre
  7123 | D:8      | Noticed Psyche
  7131 | D:8      | Killed Psyche
  7240 | D:9      | Reached ***** piety under Trog
  7270 | D:9      | Found a flagged portal.
  7276 | Bailey   | Entered a bailey
  7296 | Bailey   | Reached skill level 13 in Axes
  7596 | Bailey   | Noticed an orc knight
  7597 | Bailey   | Noticed an orc knight
  7665 | Bailey   | Noticed an orc knight
  7670 | Bailey   | Mangled by an orc warrior

Vault maps used:
D:1:      scummos_arrival_simple_fountains
D:2:      minivault_5, lightli_corner_chamber
D:3:      tgw_fedhas, zin_purify, first_ration,
          nicolae_qazlal_general_emergency, uniq_terence
D:4:      uniq_menkaure
D:5:      cheibrodos_helix_gallery, okawaru_metal_pillars_1_2,
          grunt_temple_overflow_open, minmay_temple_entry_statues_fountains,
          uniq_prince_ribbit1, uniq_sigmund
D:6:      serial_shops, shop, elyvilon_altar_1
D:7:      serial_shops, shop, basic_altar
D:8:      grunt_livestock, kennysheep_dice, uniq_psyche
D:9:      vehumet_altar_wand_db, zombieorc2_lemuel, enter_bailey_3,
          hex_intersection, uniq_grum
Bailey:   bailey_polearm_5, bailey

Skill      XL: |  1  2  3  4  5  6  7  8  9 10 |
---------------+-------------------------------+-----
Axes           | 4 5 6 7 8 10 11 12 13 | 13.0
Fighting       | 4 5 6 7 8 10 11 | 11.1
Armour         | 3 6 7 |  7.8
Dodging        | 3 5 7 |  7.2

Action                   |  1- 3 |  4- 6 |  7- 9 | 10-12 || total
-------------------------+-------+-------+-------+-------++-------
Melee: Hand axe          |    80 |    79 |   104 |       ||   263
       Headbutt          |    13 |    10 |    46 |    13 ||    82
       Battleaxe         |       |       |   130 |       ||   130
       Executioner's axe |       |       |     7 |    65 ||    72
Invok: Berserk           |     2 |     4 |     3 |       ||     9
       Trog's Hand       |       |     1 |     3 |       ||     4
Evoke: Wand              |       |       |     2 |     6 ||     8
  Use: Scroll            |     1 |     6 |    14 |     1 ||    22
       Potion            |       |     1 |       |       ||     1
 Stab: Invisible         |       |       |       |     1 ||     1
  Eat: Ration            |     1 |     1 |     1 |       ||     3
       Chunk             |       |     6 |    12 |     3 ||    21
Armor: Leather armour    |    19 |       |       |       ||    19
       Ring mail         |    14 |    27 |    29 |       ||    70
       Chain mail        |       |       |    84 |    46 ||   130
Dodge: Dodged            |    36 |    38 |   102 |    91 ||   267

Table legend:
 A = Spawn XP
 B = Non-spawn XP
 C = Spawn XP percentage of total XP
 D = Spawn monster count
 E = Non-spawn monster count
 F = Spawn count percentage of total count
 G = Total turns spent on level
                    A         B        C        D         E        F      G
               +---------+---------+-------+---------+---------+-------+---------
         Total |       0 |    9884 |   0.0 |       0 |     202 |   0.0 |  7670
               +---------+---------+-------+---------+---------+-------+---------
           D:1 |       0 |      33 |   0.0 |       0 |      15 |   0.0 |   394
           D:2 |       0 |      45 |   0.0 |       0 |      17 |   0.0 |  1100
           D:3 |       0 |      94 |   0.0 |       0 |      18 |   0.0 |   573
           D:4 |       0 |     674 |   0.0 |       0 |      18 |   0.0 |  1512
           D:5 |       0 |    1579 |   0.0 |       0 |      19 |   0.0 |  1331
           D:6 |       0 |     703 |   0.0 |       0 |      20 |   0.0 |   672
           D:7 |       0 |     390 |   0.0 |       0 |      23 |   0.0 |   905
           D:8 |       0 |    5084 |   0.0 |       0 |      29 |   0.0 |   697
           D:9 |       0 |     627 |   0.0 |       0 |      15 |   0.0 |    92
        Bailey |       0 |     655 |   0.0 |       0 |      28 |   0.0 |   394
               +---------+---------+-------+---------+---------+-------+---------
